 Dungeon Crawl Stone Soup version 0.27.0-1-g7a089689b8 (webtiles) character file.

Game seed: 4923955033935986286

78 canonizer the Skirmisher (level 4, 0/43 HPs)
             Began as a Gargoyle Berserker on Aug 12, 2021.
             Was a Believer of Trog.
             Slain by a bullfrog (6 damage)
             ... on level 3 of the Dungeon.
             The game lasted 00:01:59 (1710 turns).

canonizer the Skirmisher (Gargoyle Berserker)       Turns: 1710, Time: 00:02:00

Health: 0/43       AC:  5    Str: 22    XL:     4   Next: 36%
Magic:  4/4        EV: 12    Int:  7    God:    Trog [**....]
Gold:   114        SH:  0    Dex:  9    Spells: 3/3 levels left

rFire    . . .     SeeInvis .   a - +0 hand axe
rCold    . . .     Faith    .   (no shield)
rNeg     + . .     Spirit   .   b - +0 animal skin
rPois    ∞         Reflect  .   (no helmet)
rElec    +         Harm     .   (no cloak)
rCorr    .         Rampage  .   (no gloves)
Will     .....                  (no boots)
Stlth    ..........             (no amulet)
HPRegen  0.14/turn              (no ring)
MPRegen  0.09/turn              (no ring)

@: berserking (expiring), very quick
A: sickness immunity, AC +3, negative energy resistance 1, electricity
resistance, torment resistance 1, petrification resistance
a: Renounce Religion, Berserk, Trog's Hand


You were on level 3 of the Dungeon.
You worshipped Trog.
Trog was pleased with you.
You visited 1 branch of the dungeon, and saw 3 of its levels.

You collected 114 gold pieces.

Inventory:

Hand Weapons
 a - a +0 hand axe (weapon)
Armour
 b - a +0 animal skin (worn)
Scrolls
 c - 2 scrolls of identify {unknown}
 d - a scroll of amnesia {unknown}
 h - 2 scrolls of teleportation {unknown}
Potions
 e - a potion of cancellation {unknown}
 f - a potion of degeneration {unknown}
 g - a potion of ambrosia {unknown}


   Skills:
 + Level 3.9 Fighting
 + Level 3.8 Axes
 + Level 2.5 Armour
 + Level 1.9 Dodging


You had 3 spell levels left.
You didn't know any spells.
Your spell library was empty.

Dungeon Overview and Level Annotations

Branches:
Dungeon (3/15)

Altars:


Innate Abilities, Weirdness & Mutations

You are immune to sickness and miasma.
Your stone body is resilient. (AC +3)
You are immune to poison.
You resist negative energy. (rN+)
You are resistant to electric shocks. (rElec)
You are resistant to unholy torment.
You are immune to petrification.


Message History

The bullfrog barely misses you.
The quokka bites you but does no damage.
Spectrina's ghost hits you. The bullfrog completely misses you.
You slash Spectrina's ghost!
You destroy Spectrina's ghost!
Trog accepts your kill.
You miss the quokka. You closely miss the bullfrog.
The quokka bites you but does no damage.
The bullfrog hits you but does no damage.
Unknown command.
You barely miss the bullfrog. You barely miss the quokka.
The bullfrog hits you. The quokka barely misses you.
You are too injured to fight recklessly!
You are too injured to fight recklessly!
You are too injured to fight recklessly!
You closely miss the bullfrog. You closely miss the quokka.
The bullfrog hits you!
The quokka bites you but does no damage.
You barely miss the bullfrog. You slash the quokka!
You kill the quokka!
Trog accepts your kill.
The bullfrog hits you but does no damage.
You slash the bullfrog!
The bullfrog is moderately wounded.
The bullfrog hits you.
You slash the bullfrog!
The bullfrog is almost dead.
The bullfrog hits you.
* * * LOW HITPOINT WARNING * * *
You closely miss the bullfrog.
The bullfrog is almost dead.
The bullfrog barely misses you. The bullfrog hits you.
* * * LOW HITPOINT WARNING * * *
You barely miss the bullfrog.
The bullfrog is almost dead.
The bullfrog hits you but does no damage.
You barely miss the bullfrog.
The bullfrog is almost dead.
The bullfrog hits you.
You die...

.#####+#.###..#####
.........###..#
..............#
..........###.#####.#
........... #.......#
............#.#######
.........#..#.###
...... #...## ######
#.#.@## #.#†F.#
#.##w## #.#≈≈≈#
..#≈≈≈# #.#≈≈≈#
..#≈≈≈# #≈)≈# #≈≈≈#


You could see a bullfrog and a worm.

Vanquished Creatures
  4 adders
  A dart slug (D:2)
  The ghost of Spectrina the Ducker, a weakling DEMo (D:3)
  A bat (D:1)
  4 endoplasms
  A giant cockroach (D:3)
  A goblin (D:2)
  3 hobgoblins
  5 jackals
  4 kobolds
  A quokka (D:3)
  6 ball pythons
  A frilled lizard (D:2)
  2 rats
  A spectral hobgoblin (D:1)
36 creatures vanquished.

Vanquished Creatures (others)
  A plant (D:1)
1 creature vanquished.

Grand Total: 37 creatures vanquished

Notes
Turn   | Place    | Note
-------+----------+-------------------------------------------
     0 | D:1      | canonizer the Gargoyle Berserker began the quest for the
                  | Orb.
     0 | D:1      | Reached XP level 1. HP: 14/14 MP: 1/1
   183 | D:1      | Found a faded altar of an unknown god.
   405 | D:1      | Reached XP level 2. HP: 16/19 MP: 2/2
   439 | D:1      | You fall into a shaft and drop 1 floor!
   627 | D:2      | Reached XP level 3. HP: 17/24 MP: 3/3
  1462 | D:3      | Reached ** piety under Trog
  1469 | D:3      | Reached XP level 4. HP: 29/29 MP: 4/4
  1689 | D:3      | Found a runed translucent door.
  1692 | D:3      | Noticed a bullfrog
  1693 | D:3      | Noticed Spectrina's ghost (weakling DEMo)
  1702 | D:3      | Killed Spectrina's ghost
  1710 | D:3      | Slain by a bullfrog

Illustrated notes

Levels and vault maps discovered:
D:1:      minmay_arrival_jagged, layout_basic, serial_bayou,
          serial_bayou_pond_c, serial_bayou_lagoon_b, serial_bayou_pond_a,
          serial_bayou_pond_d, serial_bayou_pond_c, serial_bayou_lake_a,
          dreamdust_ecumenical_altar_drowned_temple, hangedman_feature_mirror,
          st_stairs_14, fountainhead
D:2:      layout_loops_cross, palyth_stone_intersect
D:3:      minmay_diamond_boxcup, layout_basic, ebering_ghost_sewer_f,
          minmay_strange_pillars

Skill      XL: |  1  2 |
---------------+-------+-----
Axes           | 3 |  3.8
Fighting       | |  3.9
Armour         | |  2.5
Dodging        | |  1.9

Action                   |  1- 3 |  4- 6 || total
-------------------------+-------+-------++-------
Melee: Hand axe          |   116 |    30 ||   146
Invok: Berserk           |     1 |     1 ||     2
Armor: Animal skin       |    53 |    14 ||    67
Dodge: Dodged            |    95 |    17 ||   112
